TOP OF THE 1ST |
Salt Lake Bees batting - Pitching for Charlotte Knights : RHP Takao Saito
|
Pitching: RHP Takao Saito
|
|
Batting: RHB Reginald McDougall
|
0-0: Called Strike 0-1: Ball 1-1: Swinging Strike 1-2: Strikes out swinging
|
Batting: RHB Guillermo Mojica
|
0-0: Called Strike 0-1: Ball 1-1: Called Strike 1-2: Ball 2-2: Foul Ball, location: 2F 2-2: Foul Ball, location: 2F 2-2: Ball 3-2: Foul Ball, location: 2F 3-2: Base on Balls
|
Batting: RHB Mike Harkins
|
0-0: Ball 1-0: Called Strike 1-1: Called Strike 1-2: Ball 2-2: Foul Ball, location: 2F 2-2: Strikes out swinging
|
Batting: LHB Vinny Carreno
|
0-0: Foul Ball, location: 2F 0-1: Ball 1-1: Ball Guillermo Mojica steals 2nd base 2-1: Ball 3-1: Base on Balls
|
Batting: RHB Andres Mendiola
|
0-0: Ball 1-0: Called Strike 1-1: Ball 2-1: Foul Ball, location: 2F 2-2: Strikes out swinging
|
Top of the 1st over - 0 runs, 0 hits, 0 errors, 2 left on base; Salt Lake 0 - Charlotte 0 |
BOTTOM OF THE 1ST |
Charlotte Knights batting - Pitching for Salt Lake Bees : RHP Jared Pollard
|
Pitching: RHP Jared Pollard
|
|
Batting: RHB Jake Savell
|
0-0: Foul Ball, location: 2F 0-1: Foul Ball, location: 2F 0-2: Ball 1-2: Ground out 3-1 (Groundball, 34, EV 103.1 MPH)
|
Batting: LHB Hirakito Herring
|
0-0: Ball 1-0: Ball 2-0: Called Strike 2-1: Ball 3-1: Fly out, F9 (Flyball, 9LM, EV 83.1 MPH)
|
Batting: RHB Darwin Mills
|
0-0: Called Strike 0-1: Foul Ball, location: 2F 0-2: Foul Ball, location: 2F 0-2: Ball 1-2: Ball 2-2: Ball 3-2: Ground out 4-3 (Groundball, 34, EV 78.8 MPH)
|
Bottom of the 1st over - 0 runs, 0 hits, 0 errors, 0 left on base; Salt Lake 0 - Charlotte 0 |
TOP OF THE 2ND |
Salt Lake Bees batting - Pitching for Charlotte Knights : RHP Takao Saito
|
Batting: LHB Matt Patnaude
|
0-0: Ball 1-0: Ball 2-0: Ball 3-0: Base on Balls
|
Batting: SHB Brendan Bundy
|
0-0: Called Strike Matt Patnaude steals 2nd base 0-1: Ball 1-1: Ball 2-1: Ball 3-1: Base on Balls
|
Batting: RHB Cesar Ortega
|
0-0: Ball 1-0: Ball 2-0: Ball 3-0: Called Strike 3-1: Base on Balls Matt Patnaude to third Brendan Bundy to second
|
Batting: SHB Ivan Barry
|
0-0: Called Strike 0-1: SINGLE (Groundball, 4D, EV 101.2 MPH) Matt Patnaude scores Brendan Bundy to third Cesar Ortega to second
|
Batting: RHB Reginald McDougall
|
0-0: Called Strike 0-1: Called Strike 0-2: Fielders Choice at 2nd, 4-6 (Groundball, 4MD, EV 100.6 MPH) Brendan Bundy scores Cesar Ortega to third
|
Batting: RHB Guillermo Mojica
|
0-0: Called Strike 0-1: Ball 1-1: Ball 2-1: Swinging Strike 2-2: Foul Ball, location: 2F 2-2: Strikes out swinging
|
Batting: RHB Mike Harkins
|
0-0: Ball Reginald McDougall steals 2nd base 1-0: Ball 2-0: Fly out, F8 (Flyball, 78XD, EV 70.6 MPH)
|
Top of the 2nd over - 2 runs, 1 hit, 0 errors, 2 left on base; Salt Lake 2 - Charlotte 0 |
BOTTOM OF THE 2ND |
Charlotte Knights batting - Pitching for Salt Lake Bees : RHP Jared Pollard
|
Batting: LHB Brian Dickeson
|
0-0: Foul Ball, location: 2F 0-1: Ball 1-1: DOUBLE (Line Drive, 89XD, EV 100.6 MPH)
|
Batting: RHB Erik Christensen
|
0-0: Fly out, F8 (Flyball, 8RM, EV 93.8 MPH)
|
Batting: RHB Will Washburn
|
0-0: Called Strike 0-1: Ball 1-1: Swinging Strike 1-2: Foul Ball, location: 2F 1-2: Ball 2-2: SINGLE (Groundball, 6MD, EV 95.6 MPH) Brian Dickeson to third Runner from 3rd tries for Home, SAFE, throw by CF to home
|
Batting: RHB Casey Quinones
|
0-0: Called Strike 0-1: Ball 1-1: Ball 2-1: Grounds into double play, 5-4-3 (Groundball, 56S, EV 86.2 MPH)
|
Bottom of the 2nd over - 1 run, 2 hits, 0 errors, 0 left on base; Salt Lake 2 - Charlotte 1 |
TOP OF THE 3RD |
Salt Lake Bees batting - Pitching for Charlotte Knights : RHP Takao Saito
|
Batting: LHB Vinny Carreno
|
0-0: Ball 1-0: Foul Ball, location: 2F 1-1: Ball 2-1: Ball 3-1: Base on Balls
|
Batting: RHB Andres Mendiola
|
0-0: Ball 1-0: Grounds into double play, 4-6-3 (Groundball, 4, EV 105.0 MPH)
|
Batting: LHB Matt Patnaude
|
0-0: Foul Ball, location: 2F 0-1: Swinging Strike 0-2: Fly out, F9 (Line Drive, 9, EV 101.9 MPH)
|
Top of the 3rd over - 0 runs, 0 hits, 0 errors, 0 left on base; Salt Lake 2 - Charlotte 1 |
BOTTOM OF THE 3RD |
Charlotte Knights batting - Pitching for Salt Lake Bees : RHP Jared Pollard
|
Batting: RHB Justin Harris
|
0-0: Called Strike 0-1: Ground out 4-3 (Groundball, 4M, EV 84.4 MPH)
|
Batting: RHB Chris Baxter
|
0-0: Foul Ball, location: 2F 0-1: Ball 1-1: Foul Ball, location: 2F 1-2: Strikes out looking
|
Batting: RHB Jake Savell
|
0-0: Ball 1-0: Foul Ball, location: 2F 1-1: Fly out, F9 (Flyball, 9S, EV 86.2 MPH)
|
Bottom of the 3rd over - 0 runs, 0 hits, 0 errors, 0 left on base; Salt Lake 2 - Charlotte 1 |
TOP OF THE 4TH |
Salt Lake Bees batting - Pitching for Charlotte Knights : RHP Takao Saito
|
Batting: SHB Brendan Bundy
|
0-0: Swinging Strike 0-1: Ball 1-1: Ball 2-1: Foul Ball, location: 2F 2-2: Foul Ball, location: 2F 2-2: Strikes out looking
|
Batting: RHB Cesar Ortega
|
0-0: Fly out, F6 (Flyball, 5D, EV 91.2 MPH)
|
Batting: SHB Ivan Barry
|
0-0: Ball 1-0: Called Strike 1-1: Foul Ball, location: 2F 1-2: Ball 2-2: Ball 3-2: Strikes out swinging
|
Top of the 4th over - 0 runs, 0 hits, 0 errors, 0 left on base; Salt Lake 2 - Charlotte 1 |
BOTTOM OF THE 4TH |
Charlotte Knights batting - Pitching for Salt Lake Bees : RHP Jared Pollard
|
Batting: LHB Hirakito Herring
|
0-0: Called Strike 0-1: Ball 1-1: Ball 2-1: Foul Ball, location: 2F 2-2: Ground out 4-3 (Groundball, 4, EV 103.1 MPH)
|
Batting: RHB Darwin Mills
|
0-0: Foul Ball, location: 2F 0-1: Ground out 1-3 (Groundball, 13, EV 75.6 MPH)
|
Batting: LHB Brian Dickeson
|
0-0: Foul Ball, location: 2F 0-1: Ball 1-1: Swinging Strike 1-2: SINGLE (Line Drive, 7LS, EV 90.0 MPH)
|
Batting: RHB Erik Christensen
|
0-0: Ball 1-0: Called Strike 1-1: Foul Ball, location: 2F 1-2: Ball 2-2: Fly out, F7 (Flyball, 7LM, EV 90.0 MPH)
|
Bottom of the 4th over - 0 runs, 1 hit, 0 errors, 1 left on base; Salt Lake 2 - Charlotte 1 |
TOP OF THE 5TH |
Salt Lake Bees batting - Pitching for Charlotte Knights : RHP Takao Saito
|
Batting: RHB Reginald McDougall
|
0-0: Called Strike 0-1: Called Strike 0-2: Ball 1-2: Strikes out swinging
|
Batting: RHB Guillermo Mojica
|
0-0: Ball 1-0: Foul Ball, location: 2F 1-1: Ball 2-1: SINGLE (Line Drive, 89M, EV 100.6 MPH)
|
Batting: RHB Mike Harkins
|
0-0: Ball 1-0: Ball 2-0: Ground out 5-3 (Groundball, 56S, EV 70.6 MPH) Guillermo Mojica to second
|
Batting: LHB Vinny Carreno
|
0-0: Foul Ball, location: 2F 0-1: Ball 1-1: Ball 2-1: Ball Wild Pitch! Guillermo Mojica to third 3-1: Base on Balls
|
Batting: RHB Andres Mendiola
|
0-0: Ball 1-0: Called Strike 1-1: Swinging Strike 1-2: Ball 2-2: Strikes out swinging
|
Top of the 5th over - 0 runs, 1 hit, 0 errors, 2 left on base; Salt Lake 2 - Charlotte 1 |
BOTTOM OF THE 5TH |
Charlotte Knights batting - Pitching for Salt Lake Bees : RHP Jared Pollard
|
Batting: RHB Will Washburn
|
0-0: Ball 1-0: Foul Ball, location: 2F 1-1: DOUBLE (Line Drive, 8LXD, EV 107.5 MPH)
|
Batting: RHB Casey Quinones
|
0-0: Ball 1-0: Ball 2-0: Ball 3-0: Called Strike 3-1: Fly out, F1 (Line Drive, P, EV 64.4 MPH)
|
Batting: RHB Justin Harris
|
0-0: Ball 1-0: Fly out, F8 (Flyball, 8RS, EV 90.6 MPH)
|
Pitching: LHP Pete Zamarron
|
|
Batting: RHB Chris Baxter
|
0-0: Ball 1-0: Ball 2-0: Ball Wild Pitch! Will Washburn to third 3-0: Called Strike 3-1: Base on Balls
|
Batting: RHB Jake Savell
|
0-0: Ball 1-0: Foul Ball, location: 2F 1-1: Fly out, F8 (Line Drive, 8RM, EV 109.4 MPH)
|
Bottom of the 5th over - 0 runs, 1 hit, 0 errors, 2 left on base; Salt Lake 2 - Charlotte 1 |
TOP OF THE 6TH |
Salt Lake Bees batting - Pitching for Charlotte Knights : RHP Takao Saito
|
Pitching: RHP Kurt Vitta
|
|
Batting: LHB Matt Patnaude
|
0-0: Called Strike 0-1: Called Strike 0-2: Ball 1-2: Ball 2-2: Strikes out looking
|
Batting: SHB Brendan Bundy
|
0-0: Swinging Strike 0-1: Foul Ball, location: 2F 0-2: Strikes out swinging
|
Batting: RHB Cesar Ortega
|
0-0: Ball 1-0: Ball 2-0: DOUBLE (Line Drive, 7D, EV 104.4 MPH)
|
Batting: SHB Ivan Barry
|
0-0: Ball Cesar Ortega is caught stealing 3rd base 2-5
|
Top of the 6th over - 0 runs, 1 hit, 0 errors, 0 left on base; Salt Lake 2 - Charlotte 1 |
BOTTOM OF THE 6TH |
Charlotte Knights batting - Pitching for Salt Lake Bees : LHP Pete Zamarron
|
Batting: LHB Hirakito Herring
|
0-0: Called Strike 0-1: Foul Ball, location: 2F 0-2: Ball 1-2: DOUBLE (Line Drive, 7LD, EV 109.4 MPH)
|
Batting: RHB Darwin Mills
|
0-0: Swinging Strike 0-1: Foul Ball, location: 2F 0-2: Strikes out swinging
|
Batting: LHB Brian Dickeson
|
0-0: Called Strike 0-1: Foul Ball, location: 2F 0-2: Foul Ball, location: 2F 0-2: SINGLE (Groundball, P, EV 86.2 MPH) (infield hit) Hirakito Herring to third
|
Batting: RHB Erik Christensen
|
0-0: Foul Ball, location: 2F 0-1: Ball Wild Pitch! Hirakito Herring scores Brian Dickeson to second 1-1: DOUBLE (Line Drive, 9LM, EV 106.9 MPH) Brian Dickeson scores
|
Batting: RHB Will Washburn
|
0-0: Called Strike 0-1: Swinging Strike 0-2: Reached on error, E6 (Groundball, 6S, EV 86.2 MPH) Erik Christensen to third
|
Batting: RHB Casey Quinones
|
0-0: Called Strike 0-1: Ball 1-1: Called Strike 1-2: Foul Ball, location: 2F 1-2: Ball 2-2: Strikes out swinging
|
Batting: RHB Justin Harris
|
0-0: Ball 1-0: Called Strike 1-1: Swinging Strike 1-2: Strikes out swinging
|
Bottom of the 6th over - 2 runs, 3 hits, 1 error, 2 left on base; Salt Lake 2 - Charlotte 3 |
TOP OF THE 7TH |
Salt Lake Bees batting - Pitching for Charlotte Knights : RHP Kurt Vitta
|
Batting: SHB Ivan Barry
|
0-0: Swinging Strike 0-1: Called Strike 0-2: Strikes out swinging
|
Batting: RHB Reginald McDougall
|
0-0: Fly out, F7 (Flyball, 78M, EV 90.6 MPH)
|
Batting: RHB Guillermo Mojica
|
0-0: Called Strike 0-1: Ball 1-1: Ball 2-1: Swinging Strike 2-2: Ball 3-2: Strikes out swinging
|
Top of the 7th over - 0 runs, 0 hits, 0 errors, 0 left on base; Salt Lake 2 - Charlotte 3 |
BOTTOM OF THE 7TH |
Charlotte Knights batting - Pitching for Salt Lake Bees : LHP Pete Zamarron
|
Pitching: RHP Bill Tindall
|
|
Batting: RHB Chris Baxter
|
0-0: Ball 1-0: Ball 2-0: Foul Ball, location: 2F 2-1: Foul Ball, location: 2F 2-2: DOUBLE (Flyball, 89D, EV 92.5 MPH) - OUT at third base trying to stretch hit.
|
Batting: RHB Jake Savell
|
0-0: Fly out, F8 (Line Drive, 8RD, EV 95.6 MPH)
|
Batting: LHB Hirakito Herring
|
0-0: Swinging Strike 0-1: Swinging Strike 0-2: Ball 1-2: Ball 2-2: Fly out, F5 (Flyball, 5D, EV 82.5 MPH)
|
Bottom of the 7th over - 0 runs, 1 hit, 0 errors, 0 left on base; Salt Lake 2 - Charlotte 3 |
TOP OF THE 8TH |
Salt Lake Bees batting - Pitching for Charlotte Knights : RHP Kurt Vitta
|
Batting: RHB Mike Harkins
|
0-0: Ball 1-0: Ground out 4-3 (Groundball, 34, EV 101.2 MPH)
|
Batting: LHB Vinny Carreno
|
0-0: Ball 1-0: Ball 2-0: Called Strike 2-1: Swinging Strike 2-2: Foul Ball, location: 2F 2-2: Ball 3-2: Foul Ball, location: 2F 3-2: Foul Ball, location: 2F 3-2: SOLO HOME RUN (Flyball, 89XD, EV 105.0 MPH), Distance : 396 ft
|
Batting: RHB Andres Mendiola
|
0-0: SINGLE (Line Drive, 4D, EV 98.1 MPH)
|
Batting: LHB Matt Patnaude
|
0-0: Ball 1-0: Ball 2-0: Called Strike 2-1: Fly out, F4 (Line Drive, 4, EV 65.6 MPH)
|
Batting: SHB Brendan Bundy
|
0-0: Foul Ball, location: 2F 0-1: Ball 1-1: Fielders Choice at 2nd, 6-4 (Groundball, 56, EV 84.4 MPH)
|
Top of the 8th over - 1 run, 2 hits, 0 errors, 1 left on base; Salt Lake 3 - Charlotte 3 |
BOTTOM OF THE 8TH |
Charlotte Knights batting - Pitching for Salt Lake Bees : RHP Bill Tindall
|
Batting: RHB Darwin Mills
|
0-0: Fly out, F8 (Flyball, 78D, EV 98.8 MPH)
|
Batting: LHB Brian Dickeson
|
0-0: Ball 1-0: Called Strike 1-1: Ball 2-1: Ball 3-1: Base on Balls
|
Batting: RHB Erik Christensen
|
0-0: Ball Passed Ball! Brian Dickeson to second 1-0: Hit by Pitch
|
Pinch Runner at 2nd Jake Goddard:
|
|
Batting: RHB Will Washburn
|
0-0: Ball 1-0: Called Strike 1-1: Ball 2-1: Foul Ball, location: 2F 2-2: Ball 3-2: Foul Ball, location: 2F 3-2: Strikes out swinging
|
Batting: RHB Casey Quinones
|
0-0: Called Strike 0-1: Called Strike 0-2: Ball 1-2: Fly out, F8 (Line Drive, 8LD, EV 90.6 MPH)
|
Bottom of the 8th over - 0 runs, 0 hits, 0 errors, 2 left on base; Salt Lake 3 - Charlotte 3 |
TOP OF THE 9TH |
Salt Lake Bees batting - Pitching for Charlotte Knights : RHP Kurt Vitta
|
Now in RF: Jake Goddard
|
|
Batting: RHB Cesar Ortega
|
0-0: Swinging Strike 0-1: Ball 1-1: Called Strike 1-2: Ball 2-2: SINGLE (Groundball, 56D, EV 106.9 MPH)
|
Batting: SHB Ivan Barry
|
0-0: Ball 1-0: Called Strike 1-1: Ball 2-1: Sac Bunt to 13 - play at first, batter OUT! 1-4 Cesar Ortega to second
|
Batting: RHB Reginald McDougall
|
0-0: Foul Ball, location: 2F 0-1: SINGLE (Groundball, 56D, EV 95.6 MPH) Cesar Ortega to third Runner from 3rd tries for Home, SAFE, throw by LF to home
|
Pitching: RHP Chris Rodgers
|
|
Now at 2B: Hirakito Herring
|
|
Now at SS: Nick Richardson
|
|
Now in LF: Jake Savell
|
|
Batting: RHB Guillermo Mojica
|
0-0: Ball 1-0: Ball 2-0: Swinging Strike 2-1: Foul Ball, location: 2F 2-2: Strikes out swinging
|
Batting: RHB Mike Harkins
|
0-0: Ball 1-0: Foul Ball, location: 2F 1-1: Foul Ball, location: 2F 1-2: Strikes out swinging
|
Top of the 9th over - 1 run, 2 hits, 0 errors, 1 left on base; Salt Lake 4 - Charlotte 3 |
BOTTOM OF THE 9TH |
Charlotte Knights batting - Pitching for Salt Lake Bees : RHP Bill Tindall
|
Pitching: RHP Kirk Thacker
|
|
Batting: RHB Justin Harris
|
0-0: Ball 1-0: Ball 2-0: Ball 3-0: Foul Ball, location: 2F 3-1: Foul Ball, location: 2F 3-2: Foul Ball, location: 2F 3-2: Fly out, F6 (Line Drive, 6, EV 76.2 MPH)
|
Batting: RHB Chris Baxter
|
0-0: Ball 1-0: SINGLE (Groundball, 6MD, EV 109.4 MPH)
|
Batting: RHB Jake Savell
|
0-0: Ball 1-0: Foul Ball, location: 2F 1-1: Ball 2-1: Called Strike 2-2: SINGLE (Groundball, 6MS, EV 69.4 MPH) (infield hit) Chris Baxter to second
|
Batting: LHB Hirakito Herring
|
0-0: Called Strike 0-1: Called Strike 0-2: 3-RUN HOME RUN (Flyball, 9D, EV 97.5 MPH), Distance : 358 ft
|
Bottom of the 9th over - 3 runs, 3 hits, 0 errors, 0 left on base; Salt Lake 4 - Charlotte 6 |
|
Game Over ... Charlotte defeats Salt Lake, 6 to 4
|
|
|